 Dungeon Crawl Stone Soup version 0.23.0 (webtiles) character file.

Game seed: 15695527086875547215

30 LostNumber the Skirmisher (level 3, -4/29 HPs)
             Began as a Demonspawn Abyssal Knight on Feb 10, 2019.
             Was a Follower of Lugonu.
             Slain by a gnoll
             ... wielding a +0 spear
              (12 damage)
             ... on level 1 of the Dungeon.
             The game lasted 00:01:18 (1279 turns).

LostNumber the Skirmisher (DsAK)                    Turns: 1279, Time: 00:01:19

Health: -4/29      AC:  3    Str: 13    XL:     3   Next: 3%
Magic:  0/5        EV: 11    Int: 13    God:    Lugonu [*.....]
Gold:   60         SH:  0    Dex: 12    Spells: 2/2 levels left

rFire    . . .     SeeInvis .   a - +1 mace
rCold    . . .     Gourm    .   (no shield)
rNeg     . . .     Faith    .   b - +0 leather armour
rPois    .         Spirit   +   (helmet restricted)
rElec    .         Reflect  .   (no cloak)
rCorr    .         Harm     .   (no gloves)
MR       .....                  (no boots)
Stlth    +.........             (no amulet)
HPRegen  0.09/turn              (no ring)
MPRegen  0.09/turn              (no ring)

@: no status effects
A: antennae 1, magic shield
a: Depart the Abyss, Renounce Religion


You were on level 1 of the Dungeon.
You worshipped Lugonu.
Lugonu was aware of your devotion.
You were not hungry.

You visited 1 branch of the dungeon, and saw 1 of its levels.
You visited the Abyss 1 time.

You collected 60 gold pieces.

Inventory:

Hand Weapons
 a - a +1 mace (weapon)
Armour
 b - a +0 leather armour (worn)
Scrolls
 c - 2 scrolls of identify {unknown}
 d - a scroll of blinking {unknown}
 f - a scroll of amnesia {unknown}
Potions
 g - a potion of might {unknown}
Comestibles
 e - 2 rations {!d}
 h - a chunk of flesh


   Skills:
 + Level 3.2 Fighting
 * Level 2.3 Maces & Flails
 + Level 2.1 Armour
 + Level 1.2 Dodging
 + Level 2.8 Invocations


You had 2 spell levels left.
You didn't know any spells.
Your spell library was empty.

Dungeon Overview and Level Annotations

Branches:
Dungeon (1/15)

Altars:


Innate Abilities, Weirdness & Mutations

You have a pair of small antennae on your head.
When hurt, damage is shared between your health and your magic reserves.


Message History

You feel your magical essence form a protective shroud around your flesh.
Unknown command.
You see here a hobgoblin corpse.
You butcher the hobgoblin corpse.
f - a chunk of flesh You see here a hobgoblin skeleton.
You start resting.
Eating a chunk of flesh.
You eat the chunk of flesh.
Unknown command.
Found a scroll labeled DIHUWI YFEILOGH.
f - a scroll labeled DIHUWI YFEILOGH You see here a scale mail.
Found a pink potion.
g - a pink potion A frilled lizard comes into view.
The frilled lizard hisses angrily.
A frilled lizard is nearby!
The frilled lizard closely misses you.
You barely miss the frilled lizard. The frilled lizard barely misses you.
You closely miss the frilled lizard. The frilled lizard barely misses you.
The frilled lizard misses you.
You sock the frilled lizard!
You kill the frilled lizard!
Lugonu accepts your kill.
No target in view!
No target in view!
You butcher the frilled lizard corpse.
h - a chunk of flesh You see here a frilled lizard skeleton. x2
Found a naga barding.
You see here a naga barding.
Found a stone staircase leading down.
There is a stone staircase leading down here.
A gnoll comes into view. It is wielding a +0 spear.
The gnoll shouts!
The gnoll hits you with a +0 spear.
You hit the gnoll. The gnoll hits you with a +0 spear!
You completely miss the gnoll. The gnoll hits you with a +0 spear!
* * * LOW HITPOINT WARNING * * *
Your leather armour prevents you from hitting the gnoll.
The gnoll hits you with a +0 spear. x2
* * * LOW HITPOINT WARNING * * *
You closely miss the gnoll. The gnoll hits you but does no damage.
You completely miss the gnoll. The gnoll hits you with a +0 spear.
* * * LOW HITPOINT WARNING * * *
You barely miss the gnoll. The gnoll closely misses you.
You hit the gnoll. The gnoll hits you with a +0 spear.
* * * LOW HITPOINT WARNING * * *
The gnoll hits you with a +0 spear!
You die...

.###.#######.# #..........#
. #.# #># ######.###### .
#.### #.# #......# #.#.##
#.# ######.# #....## #.# #.#
##.#.#.###.# #.#
##.##.##(##.##### #.#
#...............# #.#
##.##.#..######@# #.#
#..#.#)## #g# #.# #.#^...#
#.# #.# #.##...# #.# #.# #
##.###..# #.# #.###
##.#.##..## #.# #.#..
..###.>...# #.# ######..#.
.## ##†...######.###
##..[..#... ##
##........#...####....#...#.


You could see a gnoll.

Vanquished Creatures
  2 dart slugs (D:1)
  A leopard gecko (D:1)
  A giant cockroach (D:1)
  3 goblins (D:1)
  2 hobgoblins (D:1)
  3 jackals (D:1)
  3 kobolds (D:1)
  4 bats (D:1)
  A frilled lizard (D:1)
  3 rats (D:1)
23 creatures vanquished.

Notes
Turn   | Place    | Note
-------+----------+-------------------------------------------
     0 | Abyss:1  | LostNumber the Demonspawn Abyssal Knight began the quest
                  | for the Orb.
     0 | Abyss:1  | Reached XP level 1. HP: 18/18 MP: 2/2
    19 | Abyss:2  | Noticed a small abomination
    21 | Abyss:2  | Noticed a smoke demon
    23 | D:1      | Escaped the Abyss
    58 | D:1      | Reached skill level 1 in Dodging
   358 | D:1      | Gained mutation: You have a pair of small antennae on your
                  | head. [demonic ancestry]
   358 | D:1      | Reached XP level 2. HP: 6/24 MP: 3/3
   362 | D:1      | Reached * piety under Lugonu
  1012 | D:1      | Gained mutation: When hurt, damage is shared between your
                  | health and your magic reserves. [demonic ancestry]
  1012 | D:1      | Reached XP level 3. HP: 21/29 MP: 5/5
  1279 | D:1      | Slain by a gnoll

Skill      XL: |  1  2 |
---------------+-------+-----
Maces & Flails | 2 |  2.3
Dodging        | 1 |  1.2
Armour         | 2 |  2.1
Fighting       | |  3.2
Invocations    | |  2.8

Action                   || total
-------------------------++-------
Melee: Mace              ||    82
Invok: Depart the Abyss  ||     1
  Eat: Chunk             ||     1
Armor: Leather armour    ||    20
Dodge: Dodged            ||    72
